| TOP OF THE 1ST |
|
Toledo Mud Hens batting - Pitching for Norfolk Tides : RHP Matt Talaski
|
|
Pitching: RHP Matt Talaski
|
|
|
Batting: RHB Brandon O'Malley
|
0-0: Called Strike 0-1: Ball 1-1: Ground out 5-3 (Groundball, 56, EV 79.4 MPH)
|
|
Batting: RHB J.J. Basil
|
0-0: Ball 1-0: Ball 2-0: Called Strike 2-1: Ball 3-1: Foul Ball, location: 2F 3-2: Foul Ball, location: 2F 3-2: Fly out, F8 (Flyball, 8LS, EV 93.1 MPH)
|
|
Batting: LHB Bill Ford
|
0-0: Swinging Strike 0-1: Ball 1-1: Swinging Strike 1-2: Strikes out swinging
|
| Top of the 1st over - 0 runs, 0 hits, 0 errors, 0 left on base; Toledo 0 - Norfolk 0 |
| BOTTOM OF THE 1ST |
|
Norfolk Tides batting - Pitching for Toledo Mud Hens : RHP Wayne McAllister
|
|
Pitching: RHP Wayne McAllister
|
|
|
Batting: RHB Bobby Scholl
|
0-0: Ball 1-0: Called Strike 1-1: Called Strike 1-2: Ball 2-2: Fly out, F7 (Flyball, 7LD, EV 82.5 MPH)
|
|
Batting: LHB Jose Chinchilla
|
0-0: Fly out, F5 (Popup, 5SF, EV 85.0 MPH)
|
|
Batting: LHB Wes Goscinski
|
0-0: Called Strike 0-1: Ball 1-1: Called Strike 1-2: Foul Ball, location: 2F 1-2: Ground out U3 (Groundball, 13, EV 82.5 MPH)
|
| Bottom of the 1st over - 0 runs, 0 hits, 0 errors, 0 left on base; Toledo 0 - Norfolk 0 |
| TOP OF THE 2ND |
|
Toledo Mud Hens batting - Pitching for Norfolk Tides : RHP Matt Talaski
|
|
Batting: RHB Dan Becvar
|
0-0: Ball 1-0: Called Strike 1-1: Ball 2-1: Fly out, F6 (Popup, 6S, EV 73.1 MPH)
|
|
Batting: RHB Joel Miller
|
0-0: Foul Ball, location: 2F 0-1: Ball 1-1: Swinging Strike 1-2: Strikes out swinging
|
|
Batting: RHB Jamie Villagrana
|
0-0: Ball 1-0: Foul Ball, location: 2F 1-1: Called Strike 1-2: Strikes out swinging
|
| Top of the 2nd over - 0 runs, 0 hits, 0 errors, 0 left on base; Toledo 0 - Norfolk 0 |
| BOTTOM OF THE 2ND |
|
Norfolk Tides batting - Pitching for Toledo Mud Hens : RHP Wayne McAllister
|
|
Batting: SHB Brian Bentz
|
0-0: Ball 1-0: Ball 2-0: Ball 3-0: Base on Balls
|
|
Batting: RHB Mario Saez
|
0-0: Ball 1-0: Swinging Strike 1-1: Ball 2-1: Swinging Strike 2-2: Strikes out looking
|
|
Batting: LHB Tyler Allen
|
0-0: Ball 1-0: Called Strike 1-1: Swinging Strike 1-2: Strikes out swinging
|
|
Batting: LHB James Betron
|
0-0: Called Strike 0-1: Swinging Strike 0-2: Ball 1-2: Ball 2-2: Strikes out swinging
|
| Bottom of the 2nd over - 0 runs, 0 hits, 0 errors, 1 left on base; Toledo 0 - Norfolk 0 |
| TOP OF THE 3RD |
|
Toledo Mud Hens batting - Pitching for Norfolk Tides : RHP Matt Talaski
|
|
Batting: RHB Keith Hoffman
|
0-0: Fly out, F8 (Flyball, 8LS, EV 98.1 MPH)
|
|
Batting: RHB Aaron Cusick
|
0-0: Fly out, F9 (Flyball, 9, EV 87.5 MPH)
|
|
Batting: SHB Chris Wagler
|
0-0: Foul Ball, location: 2F 0-1: Foul Ball, location: 2F 0-2: Strikes out swinging
|
| Top of the 3rd over - 0 runs, 0 hits, 0 errors, 0 left on base; Toledo 0 - Norfolk 0 |
| BOTTOM OF THE 3RD |
|
Norfolk Tides batting - Pitching for Toledo Mud Hens : RHP Wayne McAllister
|
|
Batting: RHB Adam Swimmer
|
0-0: SINGLE (Groundball, 6MD, EV 101.9 MPH)
|
|
Batting: RHB Andy Bridger
|
0-0: Called Strike 0-1: DOUBLE (Line Drive, 8RXD, EV 114.4 MPH) Adam Swimmer to third
|
|
Batting: RHB Bobby Scholl
|
0-0: Foul Ball, location: 2F 0-1: Ball 1-1: Ball Wild Pitch! Adam Swimmer scores Andy Bridger to third 2-1: Foul Ball, location: 2F 2-2: Ball 3-2: Base on Balls
|
|
Batting: LHB Jose Chinchilla
|
0-0: Fielders Choice at 2nd, 5-4 (Groundball, 5L, EV 83.8 MPH) Andy Bridger scores
|
|
Batting: LHB Wes Goscinski
|
0-0: Foul Ball, location: 2F 0-1: Swinging Strike 0-2: Foul Ball, location: 2F 0-2: Foul Ball, location: 2F 0-2: Strikes out swinging
|
|
Batting: SHB Brian Bentz
|
0-0: Swinging Strike 0-1: Called Strike 0-2: SINGLE (Line Drive, 4D, EV 99.4 MPH) Jose Chinchilla to second
|
|
Batting: RHB Mario Saez
|
0-0: Foul Ball, location: 2F 0-1: Ball 1-1: Ball 2-1: Foul Ball, location: 2F 2-2: Strikes out looking
|
| Bottom of the 3rd over - 2 runs, 3 hits, 0 errors, 2 left on base; Toledo 0 - Norfolk 2 |
| TOP OF THE 4TH |
|
Toledo Mud Hens batting - Pitching for Norfolk Tides : RHP Matt Talaski
|
|
Batting: RHB Brandon O'Malley
|
0-0: Called Strike 0-1: Ball 1-1: Ground out 5-3 (Groundball, 5, EV 95.6 MPH)
|
|
Batting: RHB J.J. Basil
|
0-0: Called Strike 0-1: Foul Ball, location: 2F 0-2: Fly out, F8 (Flyball, 8LM, EV 86.9 MPH)
|
|
Batting: LHB Bill Ford
|
0-0: Foul Ball, location: 2F 0-1: Ball 1-1: Foul Ball, location: 2F 1-2: Strikes out swinging
|
| Top of the 4th over - 0 runs, 0 hits, 0 errors, 0 left on base; Toledo 0 - Norfolk 2 |
| BOTTOM OF THE 4TH |
|
Norfolk Tides batting - Pitching for Toledo Mud Hens : RHP Wayne McAllister
|
|
Batting: LHB Tyler Allen
|
0-0: Ball 1-0: Reached on error, E4 (Groundball, 4, EV 103.8 MPH)
|
|
Batting: LHB James Betron
|
0-0: Ball Tyler Allen is caught stealing 2nd base 2-6 1-0: Ground out 6-3 (Groundball, 6, EV 80.6 MPH)
|
|
Batting: RHB Adam Swimmer
|
0-0: Ground out 4-3 (Groundball, 4D, EV 78.1 MPH)
|
| Bottom of the 4th over - 0 runs, 0 hits, 1 error, 0 left on base; Toledo 0 - Norfolk 2 |
| TOP OF THE 5TH |
|
Toledo Mud Hens batting - Pitching for Norfolk Tides : RHP Matt Talaski
|
|
Batting: RHB Dan Becvar
|
0-0: Ground out 6-3 (Groundball, 6, EV 103.1 MPH)
|
|
Batting: RHB Joel Miller
|
0-0: Ball 1-0: Called Strike 1-1: Foul Ball, location: 2F 1-2: Ball 2-2: Strikes out looking
|
|
Batting: RHB Jamie Villagrana
|
0-0: Called Strike 0-1: Fly out, F9 (Line Drive, 9S, EV 95.6 MPH)
|
| Top of the 5th over - 0 runs, 0 hits, 0 errors, 0 left on base; Toledo 0 - Norfolk 2 |
| BOTTOM OF THE 5TH |
|
Norfolk Tides batting - Pitching for Toledo Mud Hens : RHP Wayne McAllister
|
|
Batting: RHB Andy Bridger
|
0-0: Ball 1-0: Called Strike 1-1: Swinging Strike 1-2: Ball 2-2: Fly out, F6 (Popup, P, EV 80.6 MPH)
|
|
Batting: RHB Bobby Scholl
|
0-0: Ball 1-0: Ball 2-0: Ball 3-0: Base on Balls
|
|
Batting: LHB Jose Chinchilla
|
0-0: Foul Ball, location: 2F 0-1: Ball 1-1: Called Strike 1-2: Fly out, F8 (Flyball, 8LXD, EV 108.8 MPH)
|
|
Batting: LHB Wes Goscinski
|
0-0: Ball 1-0: SINGLE (Groundball, 4S, EV 67.5 MPH) (infield hit) Bobby Scholl to second
|
|
Batting: SHB Brian Bentz
|
0-0: Ball 1-0: SINGLE (Groundball, 34D, EV 111.9 MPH) Bobby Scholl to third Wes Goscinski to second Runner from 3rd tries for Home, SAFE, throw by RF to home
|
|
Batting: RHB Mario Saez
|
0-0: Foul Ball, location: 2F 0-1: Foul Ball, location: 2F 0-2: Hit by Pitch Wes Goscinski to third Brian Bentz to second
|
|
Batting: LHB Tyler Allen
|
0-0: SINGLE (Groundball, 5D, EV 100.6 MPH) Wes Goscinski scores Brian Bentz to third Mario Saez to second Runner from 3rd tries for Home, SAFE, throw by LF to home Mario Saez to third Tyler Allen to second
|
|
Batting: LHB James Betron
|
0-0: Foul Ball, location: 2F 0-1: DOUBLE (Line Drive, 9LM, EV 89.4 MPH) Mario Saez scores Tyler Allen scores
|
|
Pitching: RHP Roberto Benavides
|
|
|
Batting: RHB Adam Swimmer
|
0-0: Fly out, F8 (Flyball, 8RM, EV 95.0 MPH)
|
| Bottom of the 5th over - 5 runs, 4 hits, 0 errors, 1 left on base; Toledo 0 - Norfolk 7 |
| TOP OF THE 6TH |
|
Toledo Mud Hens batting - Pitching for Norfolk Tides : RHP Matt Talaski
|
|
Batting: RHB Keith Hoffman
|
0-0: Ball 1-0: Ball 2-0: Called Strike 2-1: Called Strike 2-2: Ground out 4-3 (Groundball, 4M, EV 93.8 MPH)
|
|
Batting: RHB Aaron Cusick
|
0-0: Ball 1-0: Ball 2-0: Ball 3-0: Called Strike 3-1: Base on Balls
|
|
Batting: SHB Chris Wagler
|
0-0: Fielders Choice at 2nd, 1-6 (Groundball, 34S, EV 68.1 MPH)
|
|
Batting: RHB Brandon O'Malley
|
0-0: Foul Ball, location: 2F 0-1: Fly out, F7 (Flyball, 7LM, EV 85.0 MPH)
|
| Top of the 6th over - 0 runs, 0 hits, 0 errors, 1 left on base; Toledo 0 - Norfolk 7 |
| BOTTOM OF THE 6TH |
|
Norfolk Tides batting - Pitching for Toledo Mud Hens : RHP Roberto Benavides
|
|
Batting: RHB Andy Bridger
|
0-0: Ball 1-0: Foul Ball, location: 2F 1-1: Ball 2-1: Foul Ball, location: 2F 2-2: Ball 3-2: Foul Ball, location: 2F 3-2: Strikes out swinging
|
|
Batting: RHB Bobby Scholl
|
0-0: Called Strike 0-1: Ball 1-1: Foul Ball, location: 2F 1-2: SOLO HOME RUN (Flyball, 9D, EV 95.6 MPH), Distance : 367 ft
|
|
Batting: LHB Jose Chinchilla
|
0-0: Foul Ball, location: 2F 0-1: Foul Ball, location: 2F 0-2: Ball 1-2: Strikes out swinging
|
|
Batting: LHB Wes Goscinski
|
0-0: Ball 1-0: Ball 2-0: SINGLE (Flyball, 6D, EV 88.8 MPH)
|
|
Batting: SHB Brian Bentz
|
Pickoff Throw to First - Out! 1-3
|
| Bottom of the 6th over - 1 run, 2 hits, 0 errors, 0 left on base; Toledo 0 - Norfolk 8 |
| TOP OF THE 7TH |
|
Toledo Mud Hens batting - Pitching for Norfolk Tides : RHP Matt Talaski
|
|
Batting: RHB J.J. Basil
|
0-0: Ball 1-0: Swinging Strike 1-1: Ball 2-1: Foul Ball, location: 2F 2-2: Ball 3-2: Ground out 5-3 (Groundball, 56, EV 80.0 MPH)
|
|
Batting: LHB Bill Ford
|
0-0: Ball 1-0: Foul Ball, location: 2F 1-1: Ball 2-1: Ground out 5-3 (Groundball, 56, EV 100.6 MPH)
|
|
Batting: RHB Dan Becvar
|
0-0: Called Strike 0-1: Ball 1-1: Ball 2-1: Ground out 4-3 (Groundball, 4, EV 83.1 MPH)
|
| Top of the 7th over - 0 runs, 0 hits, 0 errors, 0 left on base; Toledo 0 - Norfolk 8 |
| BOTTOM OF THE 7TH |
|
Norfolk Tides batting - Pitching for Toledo Mud Hens : RHP Roberto Benavides
|
|
Batting: SHB Brian Bentz
|
0-0: Ball 1-0: Ball 2-0: Called Strike 2-1: Called Strike 2-2: Ball 3-2: Base on Balls
|
|
Batting: RHB Mario Saez
|
0-0: Foul Ball, location: 2F 0-1: Ball Pickoff Throw by Catcher to First - Out! 1-1: Fly out, F8 (Flyball, 8LD, EV 93.1 MPH)
|
|
Batting: LHB Tyler Allen
|
0-0: Ball 1-0: Ball 2-0: Called Strike 2-1: Foul Ball, location: 2F 2-2: Strikes out swinging
|
| Bottom of the 7th over - 0 runs, 0 hits, 0 errors, 0 left on base; Toledo 0 - Norfolk 8 |
| TOP OF THE 8TH |
|
Toledo Mud Hens batting - Pitching for Norfolk Tides : RHP Matt Talaski
|
|
Batting: RHB Joel Miller
|
0-0: Called Strike 0-1: Fly out, F7 (Flyball, 7S, EV 83.1 MPH)
|
|
Batting: RHB Jamie Villagrana
|
0-0: Foul Ball, location: 2F 0-1: Ball 1-1: Swinging Strike 1-2: Strikes out swinging
|
|
Batting: RHB Keith Hoffman
|
0-0: Ball 1-0: Called Strike 1-1: Ground out 4-3 (Groundball, 4S, EV 76.9 MPH)
|
| Top of the 8th over - 0 runs, 0 hits, 0 errors, 0 left on base; Toledo 0 - Norfolk 8 |
| BOTTOM OF THE 8TH |
|
Norfolk Tides batting - Pitching for Toledo Mud Hens : RHP Roberto Benavides
|
|
Batting: LHB James Betron
|
0-0: Ball 1-0: Called Strike 1-1: Foul Ball, location: 2F 1-2: Foul Ball, location: 2F 1-2: Ball 2-2: Foul Ball, location: 2F 2-2: Ground out 1-3 (Groundball, P, EV 64.4 MPH)
|
|
Pitching: LHP Bobby Jones
|
|
|
Batting: RHB Adam Swimmer
|
0-0: Foul Ball, location: 2F 0-1: Ground out U3 (Groundball, 34S, EV 80.6 MPH)
|
|
Batting: RHB Andy Bridger
|
0-0: Ball 1-0: Ball 2-0: Ball 3-0: Base on Balls
|
|
Pinch Hitting: RHB Bobby Melillo
|
0-0: Foul Ball, location: 2F 0-1: Ball 1-1: Ball 2-1: Ball 3-1: Called Strike 3-2: Foul Ball, location: 2F 3-2: Fly out, F3 (Popup, 3F, EV 63.1 MPH)
|
| Bottom of the 8th over - 0 runs, 0 hits, 0 errors, 1 left on base; Toledo 0 - Norfolk 8 |
| TOP OF THE 9TH |
|
Toledo Mud Hens batting - Pitching for Norfolk Tides : RHP Matt Talaski
|
|
Now at 2B: Bobby Melillo
|
|
|
Now at SS: Andy Bridger
|
|
|
Batting: RHB Aaron Cusick
|
0-0: Ground out 6-3 (Groundball, 6, EV 100.6 MPH)
|
|
Batting: SHB Chris Wagler
|
0-0: Called Strike 0-1: SOLO HOME RUN (Flyball, 9LD, EV 92.5 MPH), Distance : 350 ft
|
|
Batting: RHB Brandon O'Malley
|
0-0: Ball 1-0: Ball 2-0: Fly out, F8 (Flyball, 8LXD, EV 108.8 MPH)
|
|
Batting: RHB J.J. Basil
|
0-0: Ball 1-0: Foul Ball, location: 2F 1-1: Ball 2-1: TRIPLE (Line Drive, 89XD, EV 109.4 MPH)
|
|
Pitching: LHP Joel Beery
|
|
|
Batting: LHB Bill Ford
|
0-0: Foul Ball, location: 2F 0-1: Called Strike 0-2: Ball 1-2: Ball 2-2: Foul Ball, location: 2F 2-2: Ground out U3 (Groundball, 34, EV 87.5 MPH)
|
| Top of the 9th over - 1 run, 2 hits, 0 errors, 1 left on base; Toledo 1 - Norfolk 8 |
|